 Dungeon Crawl Stone Soup version 0.14-a0-1585-g835621a (webtiles) character file.

126 PolkaDot the Vexing (level 3, -4/24 HPs)
             Began as a Vampire Enchanter on Dec 22, 2013.
             Slain by a gnoll
             ... wielding a +0,+0 halberd
              (6 damage)
             ... on Level 2 of the Dungeon.
             The game lasted 00:05:55 (1260 turns).

PolkaDot the Vexing (Vampire Enchanter)             Turns: 1260, Time: 00:05:55

HP  -4/24        AC  3     Str  7      XL: 3   Next: 89%
MP   0/6         EV 11     Int 17      God:
Gold 63          SH  7     Dex 15      Spells:  2 memorised,  2 levels left

rFire  . . .     SeeInvis +     m - +2,+1 elf short sword (speed)
rCold  . . .     Clarity  .     b - +1 robe
rNeg   . . .     Conserve .     l - +0 buckler
rPois  .         rCorr    .     (no helmet)
rElec  .         rRot     .     (no cloak)
SustAb . .       Spirit   .     (no gloves)
rMut   .         Warding  .     (no boots)
Saprov . . .     Stasis   .     (no amulet)
                                (no ring)
                                (no ring)

@: regenerating quickly, slightly resistant to hostile enchantments, stealthy
A: fangs 3, see invisible, unbreathing
a: no special abilities


You were on level 2 of the Dungeon.
You were very full.

You visited 1 branch of the dungeon, and saw 2 of its levels.

You collected 63 gold pieces.

Inventory:

Hand weapons
 m - a +2,+1 elven short sword of speed (weapon)
Missiles
 d - 12 darts (quivered)
Armour
 b - a +1 robe (worn)
 l - a +0 buckler (worn)
Scrolls
 e - a scroll of remove curse {unknown}
 f - a scroll of enchant armour {unknown}
 g - a scroll of enchant weapon I
 i - a scroll of random uselessness
 j - a scroll of identify {unknown}
 k - a scroll of teleportation
Jewellery
 n - an uncursed ring of flight {unknown}
Books
 c - a book of Maledictions

   Spells                             Type                      Level
   *Corona                            Hexes                        1
   Sure Blade                         Hexes/Charms                 2
   Ensorcelled Hibernation            Hexes/Ice                    2
   *Confuse                           Hexes                        3
   Enslavement                        Hexes                        4
   Invisibility                       Hexes                        6


   Skills:
 - Level 2.7 Short Blades
 - Level 0.7 Throwing
 - Level 2.1 Dodging
 - Level 3.6 Stealth
 - Level 2.0 Spellcasting
 * Level 5.8 Hexes


You had 2 spell levels left.
You knew the following spells:

 Your Spells              Type           Power        Failure   Level  Hunger
a - Corona                Hex            ###....      2%          1    #......
c - Confuse               Hex            ###.....     10%         3    ####...


Dungeon Overview and Level Annotations

Branches:
Dungeon (2/16)

Altars:


Innate Abilities, Weirdness & Mutations

Your natural rate of healing is unusually fast.
You have razor-sharp teeth.*
You have supernaturally acute eyesight.
You can survive without breathing.*


Message History

A gnoll opens the large door.
A rat comes into view.
You hit the rat.
You kill the rat!
You see here a rat corpse.
Drink blood from a rat corpse? (ye/n/q/i?) This warm blood tastes delicious!
You continue drinking.
The gnoll hits you with a halberd!
You stop draining the corpse.
All blood oozes out of the corpse!
* * * LOW HITPOINT WARNING * * *
Casting: Confuse
Confirm with . or Enter, or press ? or * to list all spells.
Aiming: Confuse
Press: ? - help, Shift-Dir - straight line, f - gnoll
Aim: a gnoll, wielding a halberd The gnoll resists with significant effort.
* * * LOW MAGIC WARNING * * *
The gnoll hits you from afar with a halberd.
You die...

####'#####
##.##
#.......
.........#
#8.8#
#.......
##.###.#.#
##.##
###.......
#g..##...#
#.#.#
#.'.......
.....#.+.#
+8.8#
###.......
.......##.#
#.#g#
#......K
.....#.#
..# ##g##
#......g
#..g##.#
..# #8.8#
#.......
##.# #.# ..
##@##
#.#.#.#.
... ..# #+#
##.#.#.# ..
.##
#.#.#.#. ##
# ###.#)#g#
#..#)#K#.
#.#.#.#)#
######
#..#.#.#.
.......
#.#.#g#.#
.......
###..#.#.#.


You could see 2 gnolls.

Vanquished Creatures
  An adder (D:2)
  3 gnolls (D:2)
  A bat (D:1)
  3 hobgoblins
  5 jackals (D:2)
  A giant newt (D:1)
  8 goblins
  4 kobolds
  6 rats
32 creatures vanquished.

Notes
Turn   | Place    | Note
--------------------------------------------------------------
     0 | D:1      | PolkaDot, the Vampire Enchanter, began the quest for the Orb.
     0 | D:1      | Reached XP level 1. HP: 13/13 MP: 3/3
   472 | D:1      | Reached XP level 2. HP: 19/19 MP: 4/4
   845 | D:2      | Reached XP level 3. HP: 13/24 MP: 4/6
  1133 | D:2      | Learned a level 3 spell: Confuse
  1158 | D:2      | Reached skill level 5 in Hexes
  1255 | D:2      | HP: 1/24 [gnoll/halberd (9)]
  1260 | D:2      | Slain by a gnoll

Action                   || total
-------------------------++-------
Melee: Dagger            ||    40
       Short sword       ||    68
 Cast: Corona            ||     3
       Confuse           ||     3
  Use: Potion            ||     3
       Scroll            ||     3
 Stab: Sleeping          ||     4
       Distracted        ||     1
       Confused          ||     1
